 Dungeon Crawl Stone Soup version 0.25-a0-21-ga5a8db46c7 (webtiles) character file.

Game seed: 6938384715283967607, levelgen mode: deterministic

7 MalarOregon the Conjurer (level 1, 0/15 HPs)
             Began as a Draconian Conjurer on Oct 16, 2019.
             Slain by a bullfrog (7 damage)
             ... on level 2 of the Dungeon.
             The game lasted 00:00:50 (424 turns).

MalarOregon the Conjurer (Draconian Conjurer)        Turns: 424, Time: 00:00:50

Health: 0/15       AC:  4    Str: 10    XL:     1   Next: 83%
Magic:  0/3        EV: 12    Int: 15    God:
Gold:   35         SH:  0    Dex: 11    Spells: 3/4 levels left

rFire    . . .     SeeInvis .   (no weapon)
rCold    . . .     Gourm    .   (no shield)
rNeg     . . .     Faith    .   (armour unavailable)
rPois    .         Spirit   .   (helmet restricted)
rElec    .         Reflect  .   (no cloak)
rCorr    .         Harm     .   (no gloves)
MR       .....                  (no boots)
Stlth    ++........             (no amulet)
HPRegen  0.05/turn              (no ring)
MPRegen  0.08/turn              (no ring)

@: no status effects
A: unfitting armour, cold-blooded, AC +4
a: no special abilities


You were on level 2 of the Dungeon.
You were not hungry.

You visited 1 branch of the dungeon, and saw 2 of its levels.

You collected 35 gold pieces.

Inventory:

Scrolls
 b - a scroll of remove curse {unknown}
 c - a scroll of enchant weapon {unknown}
 d - a scroll of blinking {unknown}
Potions
 a - 2 potions of might {unknown}
Comestibles
 e - a ration {!d}
 f - 2 chunks of flesh


   Skills:
 + Level 0.6 Fighting
 + Level 1.9 Dodging
 - Level 1.7 Stealth
 + Level 2.1 Spellcasting
 + Level 4.1 Conjurations


You had 3 spell levels left.
You knew the following spells:

 Your Spells              Type           Power        Failure   Level  Hunger
a - Magic Dart            Conj           ##..         4%          1    #......

Your spell library contained the following spells:

 Spells                   Type           Power        Failure   Level  Hunger
 Searing Ray              Conj           ##....       6%          2    ###....
 Dazzling Spray           Conj/Hex       #.....       28%         3    ###....
 Iskenderun's Mystic Bla  Conj           ##......     38%         4    #####..
 Force Lance              Conj/Tloc      #.......     67%         4    #####..
 Fulminant Prism          Conj/Hex       #.........   67%         4    #####..


Dungeon Overview and Level Annotations

Branches:
Dungeon (1/15)

Altars:


Innate Abilities, Weirdness & Mutations

Your plain brown scales are hard. (AC +4)
You cannot fit into any form of body armour.
You are cold-blooded and may be slowed by cold attacks.


Message History

You barely miss the hobgoblin. The hobgoblin hits you.
You barely miss the hobgoblin. The hobgoblin hits you.
You hit the hobgoblin but do no damage. The hobgoblin misses you.
You closely miss the hobgoblin. You tail-slap the hobgoblin.
The hobgoblin misses you.
Aim: a hobgoblin (almost dead)
The magic dart hits the hobgoblin.
You kill the hobgoblin!
You butcher the hobgoblin corpse.
f - 2 chunks of flesh (gained 1)
You see here a hobgoblin skeleton. x2
Things that are here:
a +0 club; a kobold corpse You now have 35 gold pieces (gained 10).
You see here a hobgoblin skeleton.
A bat comes into view.
A bat is nearby!
Aim: a bat The magic dart hits the bat but does no damage.
The bat hits you but does no damage.
You hit the bat. You tail-slap the bat.
You kill the bat!
You fall into a shaft and drop 1 floor!
The shaft crumbles and collapses.
A hobgoblin comes into view.
The hobgoblin shouts!
You hear a croak.
You hear an angry hiss.
You don't have enough magic to cast that spell.
A rat comes into view.
You closely miss the hobgoblin. The hobgoblin hits you.
* * * LOW HITPOINT WARNING * * *
You are too injured to fight recklessly!
Unknown command.
You hit the hobgoblin but do no damage.
A bullfrog comes into view.
The hobgoblin closely misses you.
Aim: a hobgoblin The magic dart hits the hobgoblin.
The hobgoblin hits you but does no damage.
You hit the hobgoblin but do no damage. The hobgoblin closely misses you.
Unknown command.
Found a mace.
You see here a mace.
Aim: a hobgoblin (moderately wounded)
The magic dart hits the hobgoblin.
The hobgoblin hits you but does no damage.
Found a stone staircase leading down.
The hobgoblin misses you.
A leopard gecko comes into view.
The bullfrog hits you!
You die...

#..####.#####.#
#..# #.# #.# #..#
#.# #r# #..# #.#
#F# #..# #.# #..
#r.# #.. ... #>.#
### ..#.
#.#.g########..#.#
#....F@........ #
###.......l...
#.#########. #. ##


You could see a bullfrog, a leopard gecko (wandering) and a hobgoblin.

Vanquished Creatures
  A hobgoblin (D:1)
  2 jackals (D:1)
  A kobold (D:1)
  A bat (D:1)
  A rat (D:1)
6 creatures vanquished.

Notes
Turn   | Place    | Note
-------+----------+-------------------------------------------
     0 | D:1      | MalarOregon the Draconian Conjurer began the quest for the
                  | Orb.
     0 | D:1      | Reached XP level 1. HP: 14/14 MP: 3/3
   394 | D:1      | You fall into a shaft and drop 1 floor!
   400 | D:2      | Noticed a bullfrog
   424 | D:2      | Slain by a bullfrog

Levels and vault maps discovered:
D:1:      evilmike_arrival_rings, layout_basic, corexii_item_surrounded_by_moat,
          st_stairs_6
D:2:      layout_loops_ring, chequers_jeans, minmay_circle_x

Action                   || total
-------------------------++-------
Melee: Unarmed           ||    20
       Tailslap          ||     2
 Cast: Magic Dart        ||    12
Armor: Skin              ||     8
Dodge: Dodged            ||    15

Table legend:
 A = Non-vault XP
 B = Vault XP
 C = Vault XP percentage of total XP
 D = Non-vault monster count
 E = Vault monster count
 F = Vault count percentage of total count
                 A         B        C        D         E       F
            +---------+---------+-------+---------+---------+-------
      Total |      10 |       0 |   0.0 |       6 |       0 |   0.0
            +---------+---------+-------+---------+---------+-------
        D:1 |      10 |       0 |   0.0 |       6 |       0 |   0.0
            +---------+---------+-------+---------+---------+-------
